 Dungeon Crawl Stone Soup version 0.22-a0-448-g1fb7470 (webtiles) character file.

593616 4thArraOfDagon the Slayer (level 27, -7/330 HPs)
             Began as a Hill Orc Conjurer on June 4, 2018.
             Was the Champion of Beogh.
             Mangled by a frost giant zombie (15 damage)
             ... on level 15 of a ziggurat.
             The game lasted 04:08:33 (43574 turns).

4thArraOfDagon the Slayer (Hill Orc Conjurer)      Turns: 43574, Time: 04:08:34

Health: -7/330     AC: 27    Str: 18    XL:     27
Magic:  3/39       EV: 20    Int: 35    God:    Beogh [******]
Gold:   2673       SH:  8    Dex: 17    Spells: 6/50 levels left

rFire    + + +     SeeInvis .   Z - staff of energy {!a}
rCold    + + +     Gourm    .   p - +3 buckler of Responsibility {rF+ rC+ Int+3}
rNeg     + + +     Faith    .   (armour currently unavailable)
rPois    ∞         Spirit   .   P - -2 hat of the Alchemist {rElec rPois rF+ rC+ rN+ MR+ rMut rCorr}
rElec    +         Reflect  .   w - scarf {repulsion}
rCorr    +         Harm     .   (gloves currently unavailable)
rMut     +                      (boots currently unavailable)
MR       ++++.                  W - amulet of regeneration
Stlth    +.........             M - ring "Puol" {rF+ Int+3 Dex+6}
HPRegen  1.05/turn              l - ring "Gyaptuu" {rPois rC+ rN+ Str+3}
MPRegen  0.26/turn

@: brilliant, statue-form, contaminated, glowing, repel missiles, very slow
A: walk on water, magic resistance 1, MP-powered wands, sturdy frame 1
}: 4/15 runes: decaying, slimy, silver, gossamer
a: End Transformation, Smiting, Recall Orcish Followers, Give Item to Named
Follower, Resurrection, Renounce Religion


You were on level 15 of a ziggurat.
You worshipped Beogh.
Beogh was exalted by your worship.
You were not hungry.
You were a stone statue.
You visited 10 branches of the dungeon, and saw 50 of its levels.
You visited 1 ziggurat, and saw 15 of its levels.
You also visited: Ossuary and Ice Cave.

You collected 5641 gold pieces.
You spent 2968 gold pieces at shops.

Inventory:

Hand Weapons
 Q - a +9 broad axe of electrocution
Missiles
 T - 2 throwing nets (quivered)
Armour
 p - the +3 buckler of Responsibility (worn) {rF+ rC+ Int+3}
   (You took it off a deep elf elementalist on level 3 of the Elven Halls)

   It affects your intelligence (+3).
   It protects you from fire.
   It protects you from cold.
 w - a scarf of repulsion (worn)
 z - a +2 pair of boots of flying (melded)
 F - the +5 ring mail of Terror (melded) {rPois MR++ Regen+ Stlth-}
   (You found it on level 15 of the Dungeon)

   It protects you from poison.
   It affects your resistance to hostile enchantments.
   It increases your rate of regeneration.
   It makes you less stealthy.
 J - the +3 pair of gauntlets of War (melded) {Slay+5}
   (You found it on level 13 of the Dungeon)

   It affects your accuracy and damage with ranged weapons and melee attacks
   (+5).
 P - the -2 hat of the Alchemist (worn) {rElec rPois rF+ rC+ rN+ MR+ rMut rCorr}
   (You found it on level 13 of a ziggurat)

   It protects you from fire.
   It protects you from cold.
   It insulates you from electricity.
   It protects you from poison.
   It protects you from negative energy.
   It affects your resistance to hostile enchantments.
   It protects you from acid and corrosion.
   It protects you from mutation.
 V - the +7 large shield of the Farrier {rN+++ Str-3 Int+4}
   (You took it off a vault warden on level 5 of the Vaults)

   It affects your strength (-3).
   It affects your intelligence (+4).
   It renders you almost immune to negative energy.
Magical Staves
 Z - an uncursed staff of energy (weapon) {!a}
Jewellery
 l - the ring "Gyaptuu" (right hand) {rPois rC+ rN+ Str+3}
   (You found it on level 5 of the Pits of Slime)

   [ring of positive energy]

   It affects your strength (+3).
   It protects you from cold.
   It protects you from poison.
   It protects you from negative energy.
 r - the ring "Zoinef" {rF+ rC+ rN+ SInv}
   (You took it off a frost giant on level 1 of the Depths)

   [ring of protection from cold]

   It protects you from fire.
   It protects you from cold.
   It protects you from negative energy.
   It lets you see invisible.
 M - the ring "Puol" (left hand) {rF+ Int+3 Dex+6}
   (You bought it in a shop on level 2 of the Elven Halls)

   [ring of dexterity]

   It affects your intelligence (+3).
   It affects your dexterity (+6).
   It protects you from fire.
 W - an amulet of regeneration (around neck)
Wands
 a - a wand of acid (41)
 H - a wand of iceblast (53)
 L - a wand of digging (50)
 O - a wand of paralysis (41)
 X - a wand of clouds (9)
Scrolls
 b - a scroll of identify
 m - 7 scrolls of immolation
 n - 16 scrolls of remove curse
 t - 8 scrolls of fear
 u - 9 scrolls of amnesia
 v - 11 scrolls of fog
 y - 5 scrolls of enchant armour
 A - 5 scrolls of brand weapon
 E - 22 scrolls of teleportation
 G - 12 scrolls of magic mapping
 R - 3 scrolls of holy word
 U - a scroll of blinking
 Y - 6 scrolls of vulnerability
Potions
 d - 4 potions of ambrosia
 e - 6 potions of agility
 f - 3 potions of cancellation
 g - 3 potions of invisibility
 h - 15 potions of flight
 j - 11 potions of curing
 k - 15 potions of haste
 o - 6 potions of resistance
 x - 4 potions of berserk rage
 C - 4 potions of brilliance
 D - 6 potions of magic
 I - 4 potions of heal wounds
 K - 4 potions of might
 S - 9 potions of mutation
Miscellaneous
 i - 6 boxes of beasts
 q - a lightning rod (4/4)
 s - 10 phantom mirrors
 B - 5 sacks of spiders
 N - a lamp of fire
Comestibles
 c - 83 rations


   Skills:
 - Level 22.0 Fighting
 - Level 19.7(20.0) Axes
   Level 5.1(12.4) Maces & Flails
 - Level 11.3 Armour
 - Level 11.0 Dodging
 - Level 1.5 Stealth
 - Level 4.0 Shields
 - Level 12.0 Spellcasting
 - Level 9.7 Conjurations
 - Level 8.0 Necromancy
 - Level 6.0 Translocations
 - Level 10.0 Transmutations
 - Level 20.1 Fire Magic
 * Level 16.0 Earth Magic
 - Level 18.0 Invocations
 - Level 3.0 Evocations


You had 6 spell levels left.
You knew the following spells:

 Your Spells              Type           Power        Failure   Level  Hunger
a - Passage of Golubria   Tloc           N/A          1%          4    None
b - Sublimation of Blood  Necr           #######...   1%          2    None
c - Iskenderun's Mystic   Conj           #######.     1%          4    None
d - Mephitic Cloud        Conj/Pois/Air  ######..     1%          3    None
e - Apportation           Tloc           ######       1%          1    None
f - Statue Form           Tmut/Erth      #######..    1%          6    None
g - Blink                 Tloc           N/A          1%          2    None
h - Ignition              Fire           ########..   1%          8    None
i - Lee's Rapid Deconstr  Erth           ########..   1%          5    None
j - Shatter               Erth           ########..   28%         9    None

Your spell library contained the following spells:

 Spells                   Type           Power        Failure   Level  Hunger
 Cause Fear               Hex            #####.....   2%          4    None
 Magic Dart               Conj           ####         1%          1    None
 Fireball                 Conj/Fire      #######...   1%          5    None
 Conjure Flame            Conj/Fire      #######.     0%          3    None
 Bolt of Fire             Conj/Fire      #######...   1%          6    None
 Lightning Bolt           Conj/Air       ######....   1%          5    None
 Bolt of Magma            Conj/Fire/Erth #######...   1%          5    None
 Slow                     Hex            #####...     1%          2    None
 Confuse                  Hex            #####...     1%          3    None
 Invisibility             Hex            #####...     30%         6    None
 Throw Flame              Conj/Fire      ######       0%          2    None
 Throw Frost              Conj/Ice       ######       1%          2    None
 Freezing Cloud           Conj/Ice/Air   ######....   10%         6    None
 Ring of Flames           Chrm/Fire      #######...   3%          7    None
 Venom Bolt               Conj/Pois      ######....   1%          5    None
 Olgreb's Toxic Radiance  Pois           #####...     2%          4    None
 Teleport Other           Tloc           ######..     1%          3    None
 Summon Small Mammal      Summ           ####         1%          1    None
 Bolt of Draining         Conj/Necr      #######...   1%          5    None
 Animate Skeleton         Necr           N/A          1%          1    None
 Freeze                   Ice            ####         1%          1    None
 Sticky Flame             Conj/Fire      #######.     1%          4    None
 Summon Ice Beast         Ice/Summ       #####...     2%          4    None
 Ozocubu's Armour         Chrm/Ice       #####...     1%          3    None
 Call Imp                 Summ           #####...     1%          2    None
 Dispel Undead            Necr           #######.     1%          5    None
 Corpse Rot               Necr           N/A          1%          2    None
 Iron Shot                Conj/Erth      #######...   1%          6    None
 Stone Arrow              Conj/Erth      ######       1%          3    None
 Shock                    Conj/Air       ####         1%          1    None
 Swiftness                Chrm/Air       #####...     1%          2    None
 Agony                    Necr           #######.     1%          5    None
 Spider Form              Tmut/Pois      ######....   1%          3    None
 Blade Hands              Tmut           #######...   1%          5    None
 Ice Form                 Ice/Tmut       ######..     1%          4    None
 Dragon Form              Tmut           #######...   3%          7    None
 Deflect Missiles         Chrm/Air       #####.....   30%         6    None
 Throw Icicle             Conj/Ice       ######..     1%          4    None
 Airstrike                Air            #####.....   2%          4    None
 Shadow Creatures         Summ           N/A          30%         6    None
 Confusing Touch          Hex            #####.       1%          1    None
 Flame Tongue             Conj/Fire      #####        0%          1    None
 Passwall                 Tmut/Erth      #######.     0%          2    None
 Ignite Poison            Fire/Tmut/Pois #######.     1%          3    None
 Sticks to Snakes         Tmut           #######.     1%          2    None
 Call Canine Familiar     Summ           #####...     1%          3    None
 Metabolic Englaciation   Hex/Ice        #####.....   7%          5    None
 Summon Butterflies       Summ           #####...     1%          1    None
 Silence                  Hex/Air        #####.....   7%          5    None
 Static Discharge         Conj/Air       ######..     1%          3    None
 Corona                   Hex            #####..      1%          1    None
 Sandblast                Erth           ######       0%          1    None
 Simulacrum               Ice/Necr       ######....   7%          6    None
 Conjure Ball Lightning   Conj/Air       ######....   4%          6    None
 Excruciating Wounds      Chrm/Necr      ######....   1%          5    None
 Portal Projectile        Hex/Tloc       ######       1%          3    None
 Petrify                  Tmut/Erth      #######.     1%          4    None
 Malign Gateway           Summ/Tloc      ######....   41%         7    None
 Tornado                  Air            #####.....   100%        9    None
 Leda's Liquefaction      Hex/Erth       #######...   1%          4    None
 Summon Hydra             Summ           #####.....   78%         7    None
 Darkness                 Hex            #####.....   30%         6    None
 Shroud of Golubria       Chrm/Tloc      ######....   1%          2    None
 Inner Flame              Hex/Fire       #######.     1%          3    None
 Beastly Appendage        Tmut           ######       1%          1    None
 Fulminant Prism          Conj/Hex       ######....   1%          4    None
 Dazzling Spray           Conj/Hex       ######       1%          3    None
 Force Lance              Conj/Tloc      #######.     1%          4    None
 Searing Ray              Conj           ######       1%          2    None
 Discord                  Hex            #####.....   100%        8    None
 Summon Forest            Summ/Tloc      ######....   1%          5    None
 Summon Lightning Spire   Summ/Air       #####...     2%          4    None
 Summon Guardian Golem    Hex/Summ       #####...     1%          3    None
 Summon Mana Viper        Hex/Summ       #####...     7%          5    None
 Hydra Form               Tmut           #######...   1%          6    None
 Irradiate                Conj/Tmut      #######...   1%          5    None
 Gell's Gravitas          Tloc           ######....   1%          3    None
 Yara's Violent Unravell  Hex/Tmut       ######....   1%          5    None
 Lesser Beckoning         Tloc           ######....   1%          3    None
 Poisonous Vapours        Pois/Air       #####.       1%          2    None


Dungeon Overview and Level Annotations

Branches:
Dungeon (15/15)            Temple (1/1) D:4            Lair (6/6) D:8
  Swamp (4/4) Lair:3       Spider (4/4) Lair:2        Slime (5/5) Lair:5
    Orc (2/2) D:9             Elf (3/3) Orc:2        Vaults (5/5) D:13
  Crypt (0/3) Vaults:3     Depths (5/5) D:15            Zot (0/5) Depths:5

Altars:
Ashenzari
Dithmenos
Fedhas
Gozag
Hepliaklqana
Makhleb
Nemelex Xobeh
Okawaru
Qazlal
Ru
Sif Muna
Uskayaw
Vehumet
Wu Jian
Xom
The Shining One
Beogh
Jiyva

Shops:
D:6 :   D:7 }   D:8 =}}[(   Orc:2 (=[%   Elf:1 (   Elf:2 }=}(   Elf:3 :
Depths:2 *

Portals:
Hell: Depths:1 Depths:2 Depths:3 Depths:4 Depths:5
Abyss: Depths:4
Pandemonium: Depths:3


Innate Abilities, Weirdness & Mutations

You can walk on water.
You are resistant to hostile enchantments. (MR+)
You expend magic power (3 MP) to strengthen your wands.
Your movements are slightly less encumbered by armour. (ER -2)


Message History

You are caught in an explosion of flying shrapnel!
The explosion engulfs you!
The explosion engulfs the frost giant zombie.
The explosion engulfs the iron giant.
The explosion engulfs the Hell Sentinel.
The explosion engulfs the iron dragon.
The iron giant casts a spell at you. The iron shot hits you!
* * * LOW HITPOINT WARNING * * *
The reaper hits you from afar with a scythe of protection!
* * * LOW HITPOINT WARNING * * *
The Hell Sentinel hits you!
* * * LOW HITPOINT WARNING * * *
The Hell Sentinel hits you but does no damage.
The iron dragon completely misses you. You block the iron dragon's attack.
The iron dragon barely misses you.
The iron giant hits you with a giant club!!
* * * LOW HITPOINT WARNING * * *
The frost giant zombie hits you!
You die...

▓......
▓▓.............▓
▓▓...............
▓▓................
▓▓..............Z..
▓▓.................%
▓.∩.........1C4.ZZ.)
▓▓..........C12z2.Z.
▓▓.........8ZW2zZ..
▓▓.........D2...).
▓▓........1......
▓▓.............▓
▓▓...........▓▓
▓▓▓▓▓▓▓▓▓▓▓▓▓


You could see 2 iron giants, 3 Hell Sentinels, an iron dragon, 2 reapers, 2
skeletal warriors, a flayed ghost, a rust devil, a hellion, a tormentor, an iron
dragon zombie, a fire giant zombie, a frost giant zombie, a titan zombie, a
caustic shrike zombie and a titan skeleton.

Vanquished Creatures
  the Royal Jelly (Slime:5)
  An ancient lich (Vaults:5)
  Sojobo (Vaults:5)
  2 greater mummies (Depths:4)
  Xtahua (Vaults:5)
  5 golden dragons
  A profane servitor (Zig:11)
  A bone dragon (Zig:11)
  3 pearl dragons (Zig:13)
  2 Tzitzimimeh (Zig:10)
  4 tentacled monstrosities
  4 titans (Vaults:5)
  11 acid blobs
  A deep elf blademaster (Elf:3)
  A quicksilver dragon (Vaults:5)
  An acid blob (shapeshifter) (Vaults:1)
  A deep elf master archer (Elf:3)
  Agnes (Elf:2)
  6 sphinxes
  3 ancient champions
  Kirke (Swamp:2)
  7 shadow dragons
  A thorn hunter (Swamp:4)
  2 storm dragons
  2 revenants
  Roxanne (Spider:4)
  10 tengu reavers
  6 deep elf sorcerers
  4 azure jellies
  5 daevas
  A draconian monk (Depths:5)
  7 frost giants
  4 fire giants
  3 ghost moths (Spider:4)
  An iron dragon (Vaults:5)
  5 balrugs
  10 vault wardens
  A curse skull (Zig:6)
  5 angels
  A ghoul (Zig:11)
  10 ironheart preservers
  2 deep elf elementalists
  A juggernaut zombie (Zig:12)
  A draconian annihilator (Depths:5)
  16 very ugly things
  5 war gargoyles
  A juggernaut skeleton (Zig:9)
  7 entropy weavers
  3 reapers
  12 stone giants
  4 ophanim (Zig:13)
  3 vampire knights
  9 deep elf demonologists
  5 apis
  3 white draconians (Depths:5)
  3 deep elf annihilators
  2 black draconians (Depths:5)
  Nessos (Lair:4)
  A red draconian (Depths:5)
  8 spark wasps
  6 eidola
  13 ettins
  2 green deaths (Zig:14)
  10 deep elf death magi
  A merfolk javelineer (Zig:3)
  5 mummy priests
  Josephine (Swamp:1)
  2 death oozes
  11 yaktaur captains
  11 fire dragons
  12 great orbs of eyes
  A merfolk impaler (Zig:7)
  6 deep elf high priests
  7 rakshasas
  A caustic shrike simulacrum (Depths:2)
  32 vault guards
  A quicksilver dragon skeleton (Depths:2)
  5 ice dragons
  A spriggan air mage (Depths:5)
  3 ghost crabs
  28 hydras
  8 centaur warriors
  15 alligators
  A death knight (Vaults:3)
  26 two-headed ogres
  A merfolk avatar (Zig:7)
  10 ogre magi
  24 dancing weapons
  4 tengu warriors
  A death yak (Lair:5)
  3 deep troll shamans
  2 titan zombies
  5 deep troll earth magi
  7 vampire magi
  4 spriggan berserkers
  A soul eater (Zig:10)
  2 iron trolls (Depths:5)
  2 orc high priests
  6 hell knights
  18 deep elf knights
  3 skeletal warriors
  A salamander mystic (Depths:2)
  2 fire crabs (shapeshifter)
  5 shadow wraiths
  3 death drakes (Zig:14)
  5 unseen horrors
  4 cherubim
  A sea snake (shapeshifter) (Vaults:5)
  A sea snake (Zig:3)
  2 spark wasp zombies (Zig:12)
  5 flayed ghosts
  A quicksilver dragon simulacrum (Depths:1)
  A gelid demonspawn (Depths:3)
  3 glowing orange brains
  5 wizards
  5 spriggan druids
  27 deep trolls
  4 shambling mangroves
  7 phantasmal warriors
  A torturous demonspawn (Depths:3)
  8 ironbrand convokers
  A harpy (shapeshifter) (Vaults:2)
  11 harpies
  A shadow demon (Depths:3)
  A lindwurm (Lair:6)
  An orange crystal statue (Zig:6)
  A shadow dragon zombie (Zig:12)
  2 orc knights
  14 deep elf archers
  2 golden dragon skeletons
  8 swamp dragons
  6 necromancers
  13 orb spiders
  3 sphinx zombies
  3 shining eyes
  A stone giant zombie (Vaults:2)
  53 deep elf magi
  25 wolf spiders
  6 cyclopes
  34 ugly things
  7 oklob plants
  A shining eye (shapeshifter) (Vaults:2)
  A manticore (shapeshifter) (Depths:5)
  2 moths of wrath (shapeshifter)
  A sphinx skeleton (Vaults:2)
  2 salamanders (Depths:2)
  A shadow dragon skeleton (Zig:12)
  3 manticores
  2 frost giant skeletons
  2 rust devils
  A fire giant skeleton (Depths:2)
  4 eyes of devastation
  Psyche (D:11)
  17 vault sentinels
  2 torpor snails
  7 black mambas
  An orange demon (Depths:3)
  A gargoyle (D:10)
  A stone giant skeleton (Vaults:3)
  2 centaur skeletons (D:13)
  2 molten gargoyles (Lair:6)
  4 water nymphs
  21 spiny frogs
  4 hellions
  2 rime drakes
  34 yaktaurs
  6 freezing wraiths
  8 guardian mummies
  A kobold demonologist (D:15)
  A yaktaur (shapeshifter) (Elf:1)
  2 hellwings (Depths:3)
  A yaktaur skeleton (Zig:1)
  8 komodo dragons
  5 trolls
  2 tengu conjurers (Depths:1)
  2 meliai (shapeshifter) (D:15)
  9 demonic crawlers
  A red devil (Zig:12)
  28 jumping spiders
  The ghost of Saeniel the Magician, a novice DEFE of Vehumet (D:5)
  2 elf skeletons
  A tengu simulacrum (Zig:8)
  8 merfolk
  A meliai (D:12)
  A queen bee (D:12)
  4 polar bears (Lair:2)
  A snapping turtle (Zig:7)
  A wind drake (Zig:7)
  20 hornets
  9 tyrant leeches
  126 slime creatures
  12 bog bodies
  A sphinx simulacrum (Depths:1)
  2 spriggan zombies
  8 blink frogs
  2 ettin zombies
  A deep troll zombie (Depths:1)
  6 hippogriffs
  A human simulacrum (Vaults:3)
  A redback (shapeshifter) (Vaults:5)
  4 dream sheep (Lair:4)
  58 redbacks
  An ettin skeleton (Zig:9)
  3 vampires (Vaults:3)
  4 shadows
  3 air elementals
  3 spriggan skeletons
  2 spriggans (shapeshifter)
  8 water elementals
  22 tarantellas
  6 flying skulls
  3 spriggans
  3 tarantellas (shapeshifter)
  5 wyverns
  2 basilisks (shapeshifter)
  19 yaks
  2 ushabtiu (Zig:8)
  A fire elemental (Elf:2)
  12 wraiths
  14 golden eyes
  A wyvern (shapeshifter) (Elf:3)
  A steam dragon (Lair:6)
  2 basilisks
  A steam dragon (shapeshifter) (Vaults:5)
  2 hogs (Swamp:2)
  5 large abominations
  Menkaure (D:6)
  3 wargs
  22 vampire mosquitoes
  4 insubstantial wisps (Swamp:1)
  2 acid dragons
  7 small abominations
  An acid dragon (shapeshifter) (Depths:1)
  A floating eye (Depths:3)
  6 hell hounds
  10 swamp worms
  8 water moccasins
  A water moccasin (shapeshifter) (Elf:1)
  13 porcupines
  15 orc warriors
  10 swamp drakes
  4 ice beasts
  3 sky beasts
  A black bear (Lair:5)
  2 phantoms
  4 eyes of draining
  38 ogres
  A tengu (shapeshifter) (Vaults:1)
  3 wolves
  15 centaurs
  4 boggarts (Depths:3)
  9 crocodiles
  5 elf zombies (Ossuary)
  A big kobold (D:10)
  12 bullfrogs
  A bullfrog (shapeshifter) (Vaults:1)
  3 earth elementals (Elf:1)
  A glowing shapeshifter simulacrum (Depths:2)
  2 scorpions
  A wyvern skeleton (D:9)
  A hornet simulacrum (D:14)
  A scorpion (shapeshifter) (Depths:1)
  20 killer bees
  7 wights
  2 howler monkeys (D:5)
  2 vampire bats (D:5)
  4 electric eels
  3 crimson imps
  5 lava snakes (Lair:6)
  A bullfrog zombie (D:13)
  10 jellies
  5 centaur zombies
  4 hounds
  6 human zombies
  12 orc wizards
  Crazy Yiuf (D:6)
  5 orc priests
  2 bullfrog skeletons
  5 iguanas
  2 iron imps
  Ijyb (D:4)
  6 worker ants
  A lightning spire (Zig:11)
  10 mummies
  5 gnolls
  12 adders
  3 shadow imps
  3 white imps
  An ufetubus (D:11)
  5 oozes
  2 adder zombies
  3 adder skeletons
  5 worms
  3 dart slugs
  3 leopard geckos
  22 orcs
  3 ball pythons
  13 bats
  10 giant cockroaches
  13 hobgoblins
  11 jackals
  4 quokkas
  3 frilled lizards
  10 goblins
  A jackal zombie (D:6)
  15 kobolds
  A leopard gecko skeleton (D:4)
  A quokka skeleton (D:4)
  11 rats
  5 crawling corpses
  A fungus (Lair:6)
  5 plants (Zig:9)
1904 creatures vanquished.

Vanquished Creatures (collateral kills)
  Boris (Depths:4)
  A golden dragon (Depths:5)
  The ghost of xccam the Peltast, an adept HOMo of Beogh (Vaults:5)
  A lich (Depths:1)
  A deep elf blademaster (Elf:3)
  4 acid blobs (Slime:5)
  A quicksilver dragon (Vaults:5)
  A tengu reaver (Vaults:1)
  Frances (Swamp:2)
  A sphinx (Vaults:3)
  A fire giant (Vaults:1)
  Donald (Swamp:1)
  2 frost giants (Depths:1)
  A deep elf sorcerer (Elf:3)
  Aizul (Swamp:1)
  A ghost moth (Spider:4)
  3 vault wardens
  4 emperor scorpions
  6 deep elf elementalists (Elf:3)
  6 very ugly things
  A war gargoyle (Vaults:5)
  3 ironheart preservers
  6 stone giants
  A vampire knight (Vaults:1)
  An entropy weaver (Spider:2)
  3 deep elf annihilators
  A deep elf demonologist (Elf:3)
  A yellow draconian (Depths:5)
  2 ettins
  2 death oozes
  6 deep elf death magi
  3 fire dragons
  3 deep elf high priests
  A yaktaur captain (Vaults:5)
  2 great orbs of eyes (Slime:5)
  A vault guard (Vaults:1)
  A hydra (Swamp:1)
  15 two-headed ogres
  11 dancing weapons
  3 centaur warriors
  2 death knights
  A death yak (D:11)
  5 ogre magi
  4 deep elf knights
  A hell knight (Depths:3)
  4 skeletal warriors
  An unseen horror (D:12)
  A glowing orange brain (Depths:1)
  A swamp dragon (Vaults:1)
  4 deep trolls
  A phantasmal warrior (Vaults:5)
  4 deep elf archers
  A lindwurm (Lair:6)
  2 harpies (Vaults:1)
  4 ironbrand convokers
  A harpy (shapeshifter) (Vaults:3)
  2 orc knights (Vaults:5)
  27 ugly things
  19 deep elf magi
  5 wolf spiders
  A mana viper (shapeshifter) (Vaults:1)
  6 shining eyes
  6 cyclopes
  2 centaur zombies
  An eye of devastation (Slime:4)
  A moth of wrath (shapeshifter) (Vaults:1)
  2 black mambas (Lair:6)
  2 vault sentinels
  3 gargoyles
  3 centaur skeletons
  A kobold demonologist (D:15)
  2 spiny frogs
  2 demonic crawlers
  5 yaktaurs
  A tengu conjurer (Depths:1)
  2 komodo dragons (Lair:6)
  A polar bear (Lair:6)
  8 trolls
  A meliai (D:12)
  3 jumping spiders
  A tyrant leech (Swamp:1)
  5 large abominations
  3 hornets
  A hornet (shapeshifter) (Depths:1)
  2 hippogriffs
  5 blink frogs
  34 slime creatures
  2 dream sheep (Lair:4)
  A wraith (D:15)
  22 yaks
  9 redbacks
  2 shadows
  A wyvern (D:14)
  A tarantella (Spider:2)
  A fire elemental (Elf:2)
  3 basilisks
  3 golden eyes (Slime:5)
  A human simulacrum (Vaults:2)
  A steam dragon (Lair:6)
  A hungry ghost (D:11)
  5 vampire mosquitoes
  3 wargs
  2 porcupines
  A swamp worm (Swamp:1)
  3 water moccasins
  A swamp drake (Swamp:1)
  6 orc warriors
  A sky beast (D:13)
  An eye of draining (Vaults:1)
  4 ice beasts
  16 ogres
  4 wolves
  4 centaurs
  2 crocodiles
  2 big kobolds
  7 bullfrogs
  A gnoll sergeant (D:13)
  A wyvern skeleton (D:13)
  2 scorpions
  3 small abominations
  3 killer bees (D:12)
  3 wights
  An electric eel (D:11)
  2 howler monkeys (D:9)
  A bullfrog zombie (D:9)
  2 jellies (Lair:5)
  A hound (D:10)
  A bullfrog skeleton (D:13)
  An orc priest (Orc:1)
  2 orc wizards
  An iguana (D:12)
  4 worker ants
  A worker ant zombie (D:11)
  A gnoll (D:13)
  2 adders (D:12)
  A shadow imp (D:11)
  13 white imps
  3 ufetubi (D:11)
  An ooze (Lair:5)
  12 orcs
  A goblin (Orc:2)
  4 kobolds
  A plant (Lair:4)
479 creatures vanquished.

Vanquished Creatures (others)
  4 orc warlords
  A shadow dragon (Zig:10)
  3 orc sorcerers
  An ironheart preserver (Vaults:2)
  A spark wasp (Depths:2)
  A hydra (Zig:14)
  An orc high priest (D:11)
  A small abomination (Vaults:2)
  An unseen horror (Vaults:1)
  A swamp dragon (Zig:14)
  30 orc knights
  18 orc warriors
  2 demonic crawlers (Spider:2)
  A wraith (Zig:15)
  An ogre (Vaults:2)
  21 orc priests
  21 orc wizards
  An ufetubus (D:11)
  50 orcs
  3 fungi (D:8)
  13 plants
176 creatures vanquished.

Grand Total: 2559 creatures vanquished

Notes
Turn   | Place    | Note
-------+----------+-------------------------------------------
     0 | D:1      | 4thArraOfDagon the Hill Orc Conjurer began the quest for the Orb.
     0 | D:1      | Reached XP level 1. HP: 14/14 MP: 3/3
   518 | D:1      | Reached XP level 2. HP: 18/20 MP: 0/4
  1092 | D:2      | Reached XP level 3. HP: 26/26 MP: 2/5
  1097 | D:2      | Learned a level 3 spell: Dazzling Spray
  1103 | D:2      | Upgraded the game from 0.22-a0-447-gee5f723 to 0.22-a0-448-g1fb7470
  1689 | D:3      | Reached skill level 5 in Conjurations
  1756 | D:3      | Reached skill level 1 in Fighting
  1774 | D:4      | Found a staircase to the Ecumenical Temple.
  1784 | Temple   | Entered the Ecumenical Temple
  1882 | D:4      | Reached XP level 4. HP: 34/35 MP: 7/7
  2290 | D:4      | Noticed an ogre
  2705 | D:4      | Reached skill level 2 in Fighting
  2705 | D:4      | Reached skill level 1 in Axes
  2705 | D:4      | Reached XP level 5. HP: 40/41 MP: 1/8
  2957 | D:5      | Entered Level 5 of the Dungeon
  2957 | D:5      | Noticed a sky beast
  2961 | D:5      | Noticed Saeniel's ghost (novice DEFE)
  2964 | D:5      | Found a sand-covered staircase.
  2971 | Ossuary  | Entered an ossuary
  3053 | Ossuary  | Reached skill level 3 in Fighting
  3053 | Ossuary  | Reached XP level 6. HP: 43/51 MP: 6/9
  3058 | Ossuary  | Reached skill level 5 in Axes
  3137 | Ossuary  | Reached skill level 4 in Fighting
  3137 | Ossuary  | Reached XP level 7. HP: 26/59 MP: 10/10
  3150 | Ossuary  | Learned a level 4 spell: Iskenderun's Mystic Blast
  3195 | Ossuary  | Reached skill level 1 in Armour
  3458 | D:5      | Killed Saeniel's ghost
  3458 | D:5      | Reached skill level 5 in Fighting
  3458 | D:5      | Reached XP level 8. HP: 46/68 MP: 11/11
  3687 | D:5      | Became a worshipper of Beogh the Brigand
  4254 | D:1      | Noticed a troll
  5187 | D:4      | Reached skill level 6 in Fighting
  5187 | D:4      | Reached skill level 1 in Invocations
  5209 | D:4      | Got a transparent ring mail
  5220 | D:4      | Reached * piety under Beogh
  5244 | D:3      | Identified the +5 ring mail "Qaufriek" {rN+} (You took it off an orc on level 4 of the Dungeon)
  5497 | D:4      | Noticed Ijyb
  5505 | D:4      | Killed Ijyb
  5644 | D:5      | Reached XP level 9. HP: 75/77 MP: 6/12
  5730 | D:5      | Found a burning altar of Makhleb.
  6137 | D:6      | Reached skill level 10 in Axes
  6245 | D:6      | Found Biydeic's Book Shop.
  6412 | D:6      | Reached ** piety under Beogh
  6568 | D:6      | Noticed Menkaure
  6570 | D:6      | Killed Menkaure
  6570 | D:6      | Reached skill level 5 in Armour
  6630 | D:6      | Reached skill level 7 in Fighting
  6711 | D:6      | Found a sacrificial altar of Ru.
  6742 | D:6      | Learned a level 3 spell: Mephitic Cloud
  6778 | D:6      | Found a hazy altar of Hepliaklqana.
  6874 | D:6      | Found a runed door.
  6878 | D:6      | Noticed Crazy Yiuf
  6891 | D:6      | Killed Crazy Yiuf
  6969 | D:7      | Noticed a dagger
  6970 | D:7      | Found a hide-covered altar of Uskayaw.
  6970 | D:7      | Noticed a hand axe
  7025 | D:7      | Found a sparkling altar of Nemelex Xobeh.
  7074 | D:7      | Found Plog's Gadget Shoppe.
  7127 | D:7      | Found a deep blue altar of Sif Muna.
  7129 | D:7      | Found an ornate altar of the Wu Jian Council.
  7378 | D:7      | Found a sacrificial altar of Ru.
  7384 | D:7      | Found a shadowy altar of Dithmenos.
  7456 | D:8      | Found Eheis's Gadget Emporium.
  7487 | D:8      | Bought a wand of digging (9) for 286 gold pieces
  7564 | D:8      | Noticed a two-headed ogre
  7632 | D:8      | Killed a two-headed ogre
  7632 | D:8      | Reached skill level 5 in Invocations
  7632 | D:8      | Reached XP level 10. HP: 88/88 MP: 13/13
  7661 | D:8      | Bought a wand of paralysis (10) for 132 gold pieces
  8042 | D:8      | Found Inoen's Weapon Shoppe.
  8078 | D:8      | Found Asiun's Antique Armour Shoppe.
  8129 | D:8      | Found Fisud's Gadget Shoppe.
  8194 | D:8      | Found Usuen's Jewellery Shop.
  8231 | D:8      | Reached *** piety under Beogh
  8409 | D:7      | Reached skill level 8 in Fighting
  8698 | D:9      | Found a staircase to the Orcish Mines.
  8727 | D:9      | Noticed a two-headed ogre
  8738 | D:9      | Killed a two-headed ogre
  8745 | D:9      | Found a shattered altar of Ashenzari.
  8756 | D:9      | Found a glowing golden altar of the Shining One.
  8758 | D:9      | Found a shimmering altar of Xom.
  9044 | D:9      | Found a sparkling altar of Nemelex Xobeh.
  9045 | D:9      | Found an opulent altar of Gozag.
  9261 | D:10     | Entered Level 10 of the Dungeon
  9430 | D:10     | Killed an unseen horror
  9579 | D:10     | Noticed a gargoyle
  9589 | D:10     | Killed a gargoyle
  9631 | D:10     | Reached XP level 11. HP: 88/95 MP: 16/16
  9858 | D:10     | Killed an unseen horror
  9882 | D:11     | Found a frozen archway.
  9902 | D:11     | Reached skill level 9 in Fighting
 10075 | IceCv    | Entered an ice cave
 10266 | D:11     | Noticed a two-headed ogre
 10275 | D:11     | Killed a two-headed ogre
 10278 | D:11     | Noticed Psyche
 10279 | D:11     | Gained Thorok as an ally
 10286 | D:11     | Killed Psyche
 10298 | D:11     | Noticed a cyclops
 10305 | D:11     | Noticed a death yak
 10309 | D:11     | Killed a death yak
 10310 | D:11     | Killed a cyclops
 10353 | D:11     | Noticed a cyclops
 10411 | D:11     | Killed a cyclops
 10476 | D:11     | Reached skill level 5 in Maces & Flails
 10476 | D:11     | Reached **** piety under Beogh
 10618 | D:11     | Found a transporter.
 10726 | D:12     | Noticed a cyan ugly thing
 10788 | D:12     | Noticed a tengu warrior
 10788 | D:12     | Noticed a two-headed ogre
 10795 | D:12     | Killed a two-headed ogre
 10795 | D:12     | Gained Arkwar as an ally
 10797 | D:12     | Killed a tengu warrior
 10807 | D:12     | Noticed a cyclops
 10814 | D:12     | Killed a cyclops
 10823 | D:12     | Noticed a white ugly thing
 10830 | D:12     | Killed a white ugly thing
 10830 | D:12     | Reached skill level 10 in Fighting
 10990 | D:12     | Noticed an unseen horror
 11002 | D:12     | Killed an unseen horror
 11047 | D:12     | Reached XP level 12. HP: 89/106 MP: 18/18
 11504 | D:13     | Noticed a four-headed hydra
 11513 | D:13     | Killed a four-headed hydra
 11858 | D:13     | Got a twisted quarterstaff
 12013 | D:14     | Noticed a centaur warrior
 12019 | D:14     | Killed a centaur warrior
 12019 | D:14     | Reached skill level 1 in Evocations
 12150 | D:14     | Reached skill level 10 in Invocations
 12166 | D:14     | Identified the +6 quarterstaff of Infinite Pain {protect, Str+4 Int+2 SInv} (You found it on level 13 of the Dungeon)
 12544 | D:14     | Got a slimy short sword {flame}
 12599 | D:14     | Reached skill level 11 in Fighting
 12607 | D:14     | Reached ***** piety under Beogh
 12698 | D:15     | Entered Level 15 of the Dungeon
 12706 | D:15     | Reached skill level 15 in Axes
 12709 | D:15     | Gained Ortolf as an ally
 12724 | D:15     | Reached XP level 13. HP: 116/116 MP: 20/20
 13101 | D:15     | Got an ichor-stained ring mail
 13393 | D:15     | Identified the +5 ring mail of Terror {rPois MR++ Regen+ Stlth-} (You found it on level 15 of the Dungeon)
 13717 | D:13     | Found a gate to the Vaults.
 13730 | D:13     | Found the +3 pair of gauntlets of War {Slay+5}
 13744 | D:13     | oh yes
 13832 | D:13     | Got a clouded glass ring
 13835 | D:13     | Identified the ring of Rygoudoj {rCorr +Blink rElec rPois} (You found it on level 13 of the Dungeon)
 13979 | Orc:1    | Entered Level 1 of the Orcish Mines
 14065 | Orc:1    | Noticed an orc warlord
 14232 | Orc:1    | Found a roughly hewn altar of Beogh.
 14274 | Orc:2    | Entered Level 2 of the Orcish Mines
 14274 | Orc:2    | Found a staircase to the Elven Halls.
 14349 | Orc:2    | Found a roughly hewn altar of Beogh.
 14430 | Orc:2    | Gained Norbak as an ally
 14442 | Orc:2    | Reached skill level 12 in Fighting
 14443 | Orc:2    | Gained Warbeogh as an ally
 14451 | Orc:2    | Noticed an ogre mage
 14458 | Orc:2    | Killed an ogre mage
 14458 | Orc:2    | Gained Syrus as an ally
 14492 | Orc:2    | Reached XP level 14. HP: 89/126 MP: 22/22
 14517 | Orc:2    | Found Diose's Jewellery Emporium.
 14518 | Orc:2    | Found Usuij's Food Emporium.
 14537 | Orc:2    | Found Aqoent's Antique Weapon Shop.
 14550 | Orc:2    | Found Paecimn's Antique Armour Shoppe.
 14559 | Orc:2    | Bought a glowing scarf for 216 gold pieces
 14577 | Orc:2    | Bought an encrusted morningstar for 216 gold pieces
 14579 | Orc:2    | Identified the +5 morningstar of Corruption {crush, *Corrode rElec rN++ Str+2} (You bought it in a shop on level 2 of the Orcish Mines)
 14785 | D:8      | Found a staircase to the Lair.
 14795 | Lair:1   | Entered Level 1 of the Lair of Beasts
 14864 | Lair:1   | Reached skill level 5 in Dodging
 15278 | Lair:2   | Found a hole to the Spider Nest.
 15480 | Lair:2   | Reached ****** piety under Beogh
 16041 | Lair:3   | Found a staircase to the Swamp.
 16366 | Lair:4   | Reached skill level 13 in Fighting
 16378 | Lair:4   | Learned a level 4 spell: Passage of Golubria
 16448 | Lair:4   | Gained Bogrim as an ally
 16546 | Lair:4   | Noticed Nessos
 16555 | Lair:4   | Killed Nessos
 16717 | Lair:5   | Got a twisted falchion
 16814 | Lair:4   | Identified a scroll of acquirement
 17048 | Lair:5   | Reached XP level 15. HP: 136/136 MP: 8/24
 17124 | Lair:5   | Found a staircase to the Slime Pits.
 17157 | Lair:6   | Entered Level 6 of the Lair of Beasts
 17605 | Lair:6   | Found a large runed door.
 17606 | Lair:6   | Found a large runed door.
 18035 | D:8      | Bought the +8 whip "Snakebite" {curare, rPois} for 704 gold pieces
 18035 | D:8      | Found the +8 whip "Snakebite" {curare, rPois}
 18127 | Elf:1    | Entered Level 1 of the Elven Halls
 18186 | Elf:1    | Gained Rocco as an ally
 18208 | Elf:1    | Reached skill level 1 in Shields
 18226 | Elf:1    | Found a radiant altar of Vehumet.
 18305 | Elf:1    | Your ally Rocco died
 18957 | Elf:1    | Reached skill level 14 in Fighting
 19095 | Elf:1    | Reached XP level 16. HP: 146/146 MP: 26/26
 19105 | Elf:1    | Found Ykkeodgh's Weapon Shoppe.
 19243 | Elf:1    | Gained Bogdar as an ally
 19401 | Elf:1    | Identified Kiquruxt's Reference Book on the Escort
 19519 | Elf:3    | Entered Level 3 of the Elven Halls
 19568 | Elf:2    | Found Vumen's Weapon Emporium.
 19673 | Elf:2    | Gained Learuk as an ally
 19732 | Elf:2    | Found Evor's Gadget Shoppe.
 19733 | Elf:2    | Found Doamet's Jewellery Shop.
 19735 | Elf:2    | Found Wequ's Gadget Shoppe.
 19739 | Elf:2    | Reached skill level 10 in Armour
 19751 | Elf:2    | Bought the ring "Puol" {rF+ Int+3 Dex+6} for 1024 gold pieces
 19785 | Elf:2    | Found a huge runed gate.
 19785 | Elf:2    | Found a huge runed gate.
 19786 | Elf:2    | Found a huge runed gate.
 19787 | Elf:2    | Found a huge runed gate.
 19795 | Elf:2    | Found a huge runed gate.
 20303 | Elf:3    | Learned a level 2 spell: Sublimation of Blood
 20375 | Elf:3    | Reached skill level 15 in Invocations
 20485 | Elf:3    | Got a fine falchion {slice}
 20489 | Elf:3    | Identified the +1 falchion of Brawling {slice, Int+3 Stlth+} (You took it off a wizard on level 3 of the Elven Halls)
 20644 | Elf:3    | Reached skill level 15 in Fighting
 20850 | Elf:3    | Found Maerr's Book Emporium.
 21108 | Elf:3    | Noticed a Tzitzimitl
 21446 | Elf:3    | Reached XP level 17. HP: 141/156 MP: 28/28
 21515 | Elf:3    | Noticed a deep elf blademaster
 21532 | Elf:3    | Killed a deep elf blademaster
 21573 | Elf:3    | Got a twisted buckler
 21590 | Elf:3    | Identified the +3 buckler of Responsibility {rF+ rC+ Int+3} (You took it off a deep elf elementalist on level 3 of the Elven Halls)
 21597 | Elf:3    | Got an ancient steel ring
 21600 | Elf:3    | Identified the ring of the Archfiend {rC- rN++ Stlth+} (You took it off a deep elf elementalist on level 3 of the Elven Halls)
 21653 | Elf:3    | Got a warped chain mail
 21669 | Elf:3    | Identified the +8 chain mail of the Comet {rF+} (You took it off a deep elf high priest on level 3 of the Elven Halls)
 21843 | Elf:3    | Noticed a deep elf master archer
 21853 | Elf:3    | Killed a deep elf master archer
 21915 | Elf:3    | Noticed a deep elf blademaster
 21935 | Elf:3    | Killed a deep elf blademaster
 21967 | Elf:3    | Found the +0 Maxwell's etheric cage {RegenMP+ *Contam rElec MP+4}
 21972 | Elf:3    | Identified the +4 ring mail "Cischysche" {*Slow rF+ Stlth+} (You found it on level 3 of the Elven Halls)
 22199 | Elf:2    | Reached skill level 16 in Fighting
 22243 | Elf:2    | Noticed Agnes
 22252 | Elf:2    | Killed Agnes
 22707 | Spider:1 | Entered Level 1 of the Spider Nest
 22736 | Lair:2   | Reached skill level 10 in Dodging
 22831 | Spider:1 | Gained Morun as an ally
 23072 | Spider:1 | Gained Bogfrid as an ally
 23123 | Spider:1 | Got a crude scale mail
 23134 | Spider:1 | Identified the cursed +0 scale mail "Yggic" {rElec} (You found it on level 1 of the Spider Nest)
 23422 | Spider:2 | Sergey: hello
 23425 | Spider:2 | Your ally Bogfrid died
 23431 | Spider:1 | Reached XP level 18. HP: 149/164 MP: 16/30
 23753 | Spider:2 | Reached skill level 17 in Fighting
 23831 | Spider:2 | Got a translucent shield
 23842 | Spider:2 | Identified the +5 shield of Curiosity {rC- Dex+6 Stlth+} (You found it on level 2 of the Spider Nest)
 24222 | Spider:3 | Paralysed by a hornet for 1 turns
 24242 | Spider:3 | Learned a level 1 spell: Apportation
 24454 | Spider:4 | Entered Level 4 of the Spider Nest
 24768 | Spider:4 | Noticed Roxanne
 24777 | Spider:4 | Killed Roxanne
 24814 | Spider:4 | Learned a level 6 spell: Statue Form
 24905 | Spider:4 | Reached skill level 1 in Earth Magic
 25115 | Spider:4 | Reached skill level 1 in Transmutations
 25601 | Spider:4 | Your ally Morun died
 25670 | Spider:4 | Got a gossamer rune of Zot
 25892 | Swamp:1  | Entered Level 1 of the Swamp
 26043 | Swamp:1  | Learned a level 2 spell: Blink
 26118 | Swamp:1  | Noticed Josephine
 26188 | Swamp:1  | Killed Josephine
 26327 | Swamp:1  | Noticed Donald
 26336 | Swamp:1  | Killed Donald
 26342 | Swamp:1  | Noticed Aizul
 26377 | Swamp:1  | Killed Aizul
 26541 | Swamp:2  | Noticed Kirke
 26582 | Swamp:2  | Killed Kirke
 26582 | Swamp:2  | Reached skill level 5 in Earth Magic
 26704 | Swamp:2  | Reached XP level 19. HP: 162/177 MP: 32/32
 26836 | Swamp:2  | Noticed Frances
 26850 | Swamp:2  | Killed Frances
 27598 | Swamp:4  | Entered Level 4 of the Swamp
 27756 | Swamp:4  | Noticed a tentacled monstrosity
 27768 | Swamp:4  | Killed a tentacled monstrosity
 27768 | Swamp:4  | Reached skill level 5 in Transmutations
 29013 | Swamp:4  | Got a decaying rune of Zot
 29269 | Slime:1  | Entered Level 1 of the Pits of Slime
 29284 | Slime:1  | Reached skill level 5 in Spellcasting
 29293 | Slime:1  | Gained Worak as an ally
 29311 | Slime:1  | Your ally Worak died
 29570 | Slime:1  | Gained mutation: Your movements are slightly less encumbered by armour. (ER -2) [a shining eye]
 29623 | Slime:2  | Gained Bogward as an ally
 29910 | Slime:4  | Reached XP level 20. HP: 155/183 MP: 28/33
 29924 | Slime:4  | Found a viscous altar of Jiyva.
 29995 | Slime:4  | Gained mutation: You are clumsy. (Dex -2) [a shining eye]
 30194 | Slime:5  | Entered Level 5 of the Pits of Slime
 30240 | Slime:5  | Noticed the Royal Jelly
 30302 | Slime:4  | Reached skill level 10 in Earth Magic
 30652 | Slime:5  | Found a viscous altar of Jiyva.
 30676 | Slime:5  | Your ally Bogward died
 30908 | Slime:4  | Gained mutation: You are frail. (-10% HP) [mutagenic glow]
 30948 | Slime:4  | Gained mutation: Your spells are a little easier to cast, but a little less powerful. [mutagenic glow]
 31252 | Slime:5  | Found the +3 sling "Punk" {acid, rCorr}
 31496 | Slime:5  | Killed the Royal Jelly
 31542 | Slime:5  | Identified the ring "Gyaptuu" {rPois rC+ rN+ Str+3} (You found it on level 5 of the Pits of Slime)
 31614 | Slime:5  | Got a slimy rune of Zot
 31669 | Slime:5  | Identified the +2 arbalest of Qazlal's Regard {elec, rC+} (You found it on level 5 of the Pits of Slime)
 31894 | D:8      | Lost mutation: You are clumsy. (Dex -2) [potion of mutation]
 31894 | D:8      | Lost mutation: Your spells are a little easier to cast, but a little less powerful. [potion of mutation]
 31894 | D:8      | Lost mutation: You are frail. (-10% HP) [potion of mutation]
 31894 | D:8      | Gained mutation: You expend magic power (3 MP) to strengthen your wands. [potion of mutation]
 31894 | D:8      | Gained mutation: You are resistant to hostile enchantments. (MR+) [potion of mutation]
 32025 | Elf:2    | Bought an uncursed amulet of regeneration for 390 gold pieces
 32025 | Elf:2    | NormalPerson7: !hs * hocj
 32025 | Elf:2    | XtahuaRules: 1687. johnnyzero the Messiah (L27 HOCj of Beogh), escaped with the Orb and 15 runes on 2015-11-21 23:06:15, with 18015265 points after 85282 turns and 6:20:49.
 32026 | Elf:2    | NormalPerson7: :D
 32206 | D:11     | Found a roughly hewn altar of Beogh.
 32213 | D:11     | Gained Bogdar as an ally
 32215 | D:11     | Your ally Bogdar died
 32266 | D:11     | Found a transporter.
 32612 | D:15     | Found a staircase to the Depths.
 32615 | D:15     | Gained Bogward as an ally
 32625 | Depths:1 | Entered Level 1 of the Depths
 32633 | Depths:1 | Your ally Bogward died
 32784 | Depths:1 | Reached XP level 21. HP: 152/190 MP: 30/34
 32889 | Depths:1 | Gained Brunolf as an ally
 33232 | Depths:1 | Your ally Brunolf died
 33354 | Depths:1 | Reached skill level 10 in Transmutations
 33369 | Depths:1 | Your ally Brunolf died
 33429 | Depths:1 | Found a gateway to Hell.
 33476 | Depths:1 | Learned a level 8 spell: Ignition
 33504 | Depths:1 | Found a runed door.
 33527 | Depths:1 | Reached skill level 1 in Fire Magic
 33597 | Depths:1 | Identified the +2 pair of gloves "Virhy" {rPois SInv} (You found it on level 1 of the Depths)
 33604 | Depths:1 | Identified the ring "Zoinef" {rF+ rC+ rN+ SInv} (You took it off a frost giant on level 1 of the Depths)
 33699 | Depths:2 | Identified the +9 war axe "Nurriunyodgh" {chop, *Rage +Rage MR+++ MP-9} (You acquired it on level 2 of the Depths)
 33701 | Depths:2 | :/
 33711 | Depths:2 | Gained Garbold as an ally
 33728 | Depths:2 | Your ally Garbold died
 33792 | Depths:2 | Reached skill level 5 in Fire Magic
 33855 | Depths:2 | Found Gozatuage's Changing Room.
 33909 | Depths:2 | Got a transparent ring mail
 33935 | Depths:2 | Identified the +3 ring mail of Ima Webb {+Fly rPois rN++ Int-3} (You found it on level 2 of the Depths)
 34388 | Depths:3 | Gained Ortolf as an ally
 34528 | Depths:3 | Found a gateway to a ziggurat.
 34609 | Depths:3 | Your ally Ortolf died
 34722 | Depths:3 | Reached XP level 22. HP: 198/200 MP: 33/35
 34746 | Depths:3 | Reached skill level 10 in Fire Magic
 35048 | Depths:4 | Paralysed by a sphinx for 6 turns
 35707 | Depths:4 | Noticed a greater mummy
 35721 | Depths:4 | Killed a greater mummy
 35747 | Depths:4 | Noticed a greater mummy
 35763 | Depths:4 | Killed a greater mummy
 35769 | Depths:4 | Identified the Papyrus of Hurtful Hexes
 35937 | Depths:5 | Entered Level 5 of the Depths
 35993 | Depths:4 | Noticed Boris
 36012 | Depths:4 | Killed Boris
 36035 | Depths:4 | Found a one-way gate to the infinite horrors of the Abyss.
 36107 | Depths:5 | Learned a level 5 spell: Lee's Rapid Deconstruction
 36142 | Depths:5 | Noticed a golden dragon
 36159 | Depths:5 | Killed a golden dragon
 36281 | Depths:5 | Noticed a golden dragon
 36303 | Depths:5 | Killed a golden dragon
 36590 | Depths:5 | Gained Marbork as an ally
 36628 | Depths:5 | Noticed a golden dragon
 36638 | Depths:5 | Your ally Marbork died
 36656 | Depths:5 | Killed a golden dragon
 36656 | Depths:5 | Reached skill level 15 in Fire Magic
 36864 | Depths:5 | Found a gate to the Realm of Zot.
 37238 | Depths:3 | Found a one-way gate leading to the halls of Pandemonium.
 37490 | Vaults:1 | Entered Level 1 of the Vaults
 37515 | Vaults:1 | Reached XP level 23. HP: 183/206 MP: 36/36
 37666 | Vaults:1 | Gained Margrim as an ally
 37705 | Vaults:1 | Noticed a juggernaut
 37705 | Vaults:1 | an iron giant changed into a juggernaut
 37709 | Vaults:1 | Noticed a shard shrike
 37709 | Vaults:1 | a juggernaut changed into a shard shrike
 37711 | Vaults:1 | Your ally Margrim died
 37717 | Vaults:1 | a shard shrike changed into a titan
 37718 | Vaults:1 | Noticed a juggernaut
 37718 | Vaults:1 | a titan changed into a juggernaut
 37718 | Vaults:1 | a juggernaut changed into a titan
 37778 | Vaults:1 | Found the +4 dagger "Morg" {pain, MR+ Int+5}
 37793 | Vaults:1 | Identified the +1 executioner's axe of Law {speed, rN+} (You acquired it on level 1 of the Vaults)
 37810 | Vaults:1 | Your ally Syrus died
 37824 | Vaults:1 | Your ally Learuk died
 37842 | Vaults:1 | Your ally Thorok died
 37850 | Vaults:1 | Your ally Arkwar died
 37962 | Vaults:1 | Got a brightly glowing arbalest
 38021 | Vaults:1 | Found the amulet of the Air {Inacc +Fly rElec EV+5 RMsl}
 38141 | Vaults:1 | Gained Bogfrid as an ally
 38226 | Vaults:1 | Your ally Bogfrid died
 38326 | Vaults:1 | Identified the +8 arbalest of Xom's Regard {flame, *Corrode Str+6 Dex+2} (You found it on level 1 of the Vaults)
 38483 | Vaults:2 | Gained Olfik as an ally
 38569 | Vaults:2 | Your ally Olfik died
 38583 | Vaults:2 | Your ally Warbeogh died
 38728 | Vaults:2 | HP: 12/267 [small abomination[an ironheart preserver] (10)]
 39194 | Vaults:3 | Reached XP level 24. HP: 214/214 MP: 36/36
 39399 | Vaults:3 | Gained Bogbrand as an ally
 39432 | Vaults:3 | Your ally Bogbrand died
 39597 | Vaults:3 | Found a staircase to the Crypt.
 39635 | Vaults:3 | Gained Orkwin as an ally
 39809 | Vaults:3 | Reached skill level 1 in Necromancy
 39826 | Vaults:3 | Your ally Orkwin died
 40086 | Vaults:4 | Gained Bogbrand as an ally
 40086 | Vaults:4 | Your ally Bogbrand died
 40108 | Vaults:4 | Gained Grimold as an ally
 40243 | Vaults:4 | Identified the +1 broad axe of Propriety {flame, rF++ rC- Int+3 SInv} (You acquired it on level 4 of the Vaults)
 40306 | Vaults:4 | Reached skill level 5 in Necromancy
 40662 | Vaults:5 | Entered Level 5 of the Vaults
 40662 | Vaults:5 | Noticed xccam's ghost (adept HOMo)
 40663 | Vaults:5 | 4thArraOfDagon: !lg xccam homo place=vaults -log
 40663 | Vaults:5 | 4thArraOfDagon: come on
 40668 | Vaults:5 | Your ally Grimold died
 40670 | Vaults:5 | Noticed Sojobo
 40815 | Vaults:5 | Reached skill level 10 in Spellcasting
 40896 | Vaults:5 | Reached XP level 25. HP: 54/221 MP: 21/38
 40989 | Vaults:5 | HP: 5/287 [large abomination[a deep elf death mage] (18)]
 41179 | Vaults:5 | Identified the Catalogue of Shifting Calling
 41184 | Vaults:5 | Identified the Guide on Intoxication
 41246 | Vaults:5 | Gained Ogrik as an ally
 41248 | Vaults:5 | Your ally Ogrik died
 41250 | Vaults:5 | Noticed Xtahua
 41260 | Vaults:5 | Killed Xtahua
 41328 | Vaults:5 | Got a faintly glowing war axe {chop}
 41328 | Vaults:5 | Got a colourful robe
 41363 | Vaults:5 | Reached skill level 18 in Fighting
 41365 | Vaults:5 | Identified the cursed +0 robe of the Moon {*Corrode rElec Slay+2} (You took it off a deep elf high priest on level 5 of the Vaults)
 41412 | Vaults:5 | Got a faintly glowing large shield
 41465 | Vaults:5 | Identified the +4 war axe of the Magic Mushroom {chop, *Contam +Fly rElec Stlth+} (You took it off a tengu reaver on level 5 of the Vaults)
 41505 | Vaults:5 | Identified the +7 large shield of the Farrier {rN+++ Str-3 Int+4} (You took it off a vault warden on level 5 of the Vaults)
 41567 | Vaults:5 | Killed Sojobo
 41577 | Vaults:5 | Identified the Almanac of Weightlessness and the Frostbite
 41635 | Vaults:5 | Reached skill level 19 in Fighting
 41808 | Vaults:5 | Killed xccam's ghost
 41810 | Vaults:5 | Gained Urtork as an ally
 41898 | Vaults:5 | Your ally Urtork died
 41900 | Vaults:5 | Reached skill level 20 in Fighting
 41964 | Vaults:5 | Got a silver rune of Zot
 41978 | Vaults:5 | Identified the -2 pair of boots of Subjectivity {rElec} (You found it on level 5 of the Vaults)
 42074 | Vaults:5 | Noticed an ancient lich
 42082 | Vaults:5 | Killed an ancient lich
 42511 | Zig:1    | Entered Level 1 of a ziggurat
 42527 | Zig:2    | Entered Level 2 of a ziggurat
 42566 | Zig:3    | Entered Level 3 of a ziggurat
 42572 | Zig:3    | Reached skill level 1 in Translocations
 42572 | Zig:3    | Reached XP level 26. HP: 188/242 MP: 31/39
 42609 | Zig:4    | Entered Level 4 of a ziggurat
 42639 | Zig:5    | Entered Level 5 of a ziggurat
 42651 | Zig:5    | Reached skill level 21 in Fighting
 42754 | Zig:6    | Entered Level 6 of a ziggurat
 42852 | Zig:7    | Entered Level 7 of a ziggurat
 42890 | Zig:8    | Entered Level 8 of a ziggurat
 42947 | Zig:8    | Identified the +5 pearl dragon scales of Acha {rC+ rN+ Str+3} (You found it on level 8 of a ziggurat)
 42948 | Zig:8    | :O
 42990 | Zig:9    | Entered Level 9 of a ziggurat
 42999 | Zig:9    | Reached skill level 5 in Translocations
 42999 | Zig:9    | Gained Olfrun as an ally
 43019 | Zig:9    | Your ally Olfrun died
 43082 | Zig:10   | Entered Level 10 of a ziggurat
 43119 | Zig:10   | Identified Sif Muna's Volume of Torrid Lightness
 43137 | Zig:10   | Learned a level 9 spell: Shatter
 43138 | Zig:11   | Entered Level 11 of a ziggurat
 43225 | Zig:11   | Identified the Incunabulum of the Serpent
 43240 | Zig:11   | Identified the cursed +1 chain mail of Keasa {rF- Int+4 Dex+2} (You found it on level 11 of a ziggurat)
 43241 | Zig:11   | Identified Ujastreo's Reference Book on Shifting Toxins
 43248 | Zig:11   | Identified the +5 chain mail of Circular Logic {rN+} (You found it on level 11 of a ziggurat)
 43271 | Zig:12   | Entered Level 12 of a ziggurat
 43281 | Zig:12   | Torious: yo
 43287 | Zig:12   | Reached skill level 22 in Fighting
 43331 | Zig:12   | Found the +9 heavy crossbow "Sniper" {velocity, Acc+∞ SInv}
 43342 | Zig:12   | Identified the +1 plate armour of the Old World {Str+4} (You found it on level 12 of a ziggurat)
 43354 | Zig:13   | Entered Level 13 of a ziggurat
 43371 | Zig:13   | Found the -2 hat of the Alchemist {rElec rPois rF+ rC+ rN+ MR+ rMut rCorr}
 43374 | Zig:13   | Reached skill level 15 in Earth Magic
 43461 | Zig:14   | Entered Level 14 of a ziggurat
 43475 | Zig:14   | Reached XP level 27. HP: 254/254 MP: 18/39
 43475 | Zig:14   | Sergey: hello
 43475 | Zig:14   | 4thArraOfDagon: hi
 43478 | Zig:14   | Found the ring of the Octopus King
 43478 | Zig:14   | Gained Bogwik as an ally
 43514 | Zig:14   | Identified a ring of the Octopus King {rCorr AC+1 EV+1 Str+1 Int+1 Dex+1} (You found it on level 14 of a ziggurat)
 43519 | Zig:14   | Identified the ring "Hiovviss" {rF+ Str+4 Dex+4} (You found it on level 14 of a ziggurat)
 43521 | Zig:14   | Identified the amulet of Celinkef {+Rage Dex+2 Slay+2} (You found it on level 14 of a ziggurat)
 43549 | Zig:15   | Entered Level 15 of a ziggurat
 43574 | Zig:15   | HP: 8/330 [iron giant/giant club (29)]
 43574 | Zig:15   | Mangled by a frost giant zombie

Vault maps used:
D:1:      erik_arrival_cave_to_civilisation
D:2:      minmay_joined_circles
D:4:      minmay_temple_entry_trees, uniq_ijyb
D:5:      chequers_ossuary_entry_cave, first_ration, minmay_misc_feat_tiny,
          roderic_batcave, nicolae_zen_rock_garden, minmay_fountain_box,
          nrook_mini_vaults, makhleb_heckhound_becter
D:6:      lemuel_round_altar, basic_altar, serial_shops, kennysheep_little_box,
          minivault_27, uniq_menkaure, uniq_crazy_yiuf_cottage
D:7:      dancing_weapons_uskayaw, nicolae_overflow_hidden_temple, serial_shops,
          kennysheep_mini, nemelex_diamond_rough_becter
D:8:      grunt_lair_entry_orc_guard_hut, serial_shops, shop,
          nicolae_shop_trees, shop, kennysheep_mini_moat,
          nicolae_shop_behind_doors
D:9:      grunt_temple_overflow_opulence, grunt_temple_overflow_open,
          david_orc_2
D:10:     blue_anna_alchemist
D:11:     gammafunk_beogh_shrine, serial_ice, serial_ice_h, serial_ice_e,
          serial_ice_o, serial_ice_j, serial_ice_g, portal_ice_cave_entry_imps,
          uniq_psyche
D:12:     small_statue_alley_a, due_unseen_surprise
D:13:     hangedman_vaults_entry_quadrant_bands, lightli_corner_chamber
D:14:     roderic_lattice_octagonal_star, serial_column_ruins,
          column_ruins_grid_3, column_ruins_grid_2,
          column_ruins_columns_straight, column_ruins_grid_4,
          column_ruins_columns_straight
D:15:     gammafunk_enter_depths_forms, minmay_misc_feat_pillars
Temple:   minmay_temple_curvy_loop
Lair:1:   grunt_megastairs_1
Lair:2:   spider_nest_entry_webs, cheibrodos_lair_lostbears
Lair:3:   minmay_swamp_entry_swarm, lemuel_fruit_fields
Lair:4:   uniq_nessos
Lair:5:   minmay_slime_entry_jelly_boxes, minmay_lair_oklob_chamber
Lair:6:   cheibrodos_lair_end_hotspot
Swamp:1:  hangedman_swamp_diagram, uniq_aizul, uniq_donald, uniq_josephine
Swamp:2:  evilmike_swamp_ruin_house_5, infiniplex_staircase_pool_2, uniq_kirke,
          uniq_frances
Swamp:3:  evilmike_swamp_ruin_rubble_1
Swamp:4:  swamp_basic_johnstein, swamp_pool2, grunt_witch_cave
Spider:1: einodemon_crawler_minivault
Spider:4: spider_rune_water, hangedman_spider_tarantella_strand, uniq_roxanne
Slime:1:  cheibrodos_slime_lost_civilization_6
Slime:4:  nicolae_slime_pool, basic_altar
Orc:1:    lemuel_statue_altar
Orc:2:    st_orc_open, basic_altar, mines5_lemuel
Elf:1:    eino_elf_arrival_altar, serial_shops, nicolae_shop_waterfront,
          minmay_elf_demonology
Elf:2:    serial_shops, nicolae_shop_stone, minmay_shop_grove, uniq_agnes
Elf:3:    minmay_elf_hall_curves, serial_shops, shop, grunt_ministairs_1,
          laboratory
Vaults:1: st_greater_box_1, v_misc_11, v_rooms_4, v_misc_22, v_misc_22,
          v_misc_10, v_misc_13, nicolae_vaults_asterisk,
          ontoclasm_vaults_shuriken
Vaults:2: v_rooms_4, vaults_dpeg_encased_lava, dpeg_vaults_monster_box,
          v_misc_24, v_misc_31, nicolae_vaults_ring_of_whatevers,
          nicolae_vaults_three_branches, hangedman_vaults_slice
Vaults:3: nicolae_vaults_alarming, vaults_room_pools,
          minmay_crypt_entry_vampire_xt, vaults_room_corners,
          nicolae_vaults_network_periphery, hangedman_vaults_stagger,
          nicolae_vaults_little_squares_4, v_misc_9, grunt_vaults_twisty,
          vaults_room_stairs_pillars
Vaults:4: v_misc_9, v_alt_pattern_2, ontoclasm_vaults_fire_temple,
          ontoclasm_vaults_ring_large, grunt_vaults_bifocal,
          vaults_mumra_minichess_inversion, nicolae_vaults_bisected_inception,
          nicolae_vaults_angled_halls, v_misc_9, v_alt_pattern_2,
          dpeg_vaults_monster_row
Vaults:5: serial_shops, uniq_xtahua, uniq_sojobo
Depths:1: grunt_hell_entry_dis_grunt, kennysheep_cluttered_room,
          hangedman_decor_push, kennysheep_another_room, minmay_st_funbox,
          serial_bayou_pond_e, minmay_pinched_square
Depths:2: lemuel_flame_loot_2, hell_entry, nicolae_lava_and_water,
          nicolae_transmutations_shop, infiniplex_staircase_star,
          serial_bayou_shore_b, serial_bayou_shore_a
Depths:3: grunt_bruiser_brothers, enter_ziggurat_e, grunt_pan_entry_zigzag,
          dk_noncrumbling_2, hell_entry
Depths:4: ragdoll_tomb_raider, grunt_decor_one_mirror, abyss_entry,
          pf_hell_entry_great_geh, serial_glass, glass_columns_a,
          glass_columns_a, glass_columns_c, glass_columns_a, glass_columns_a,
          glass_columns_b, feat_on_display, minmay_strange_pillars, uniq_boris
Depths:5: grunt_zot_entry_gee_three, hell_entry, minmay_misc_feat_hallway,
          minmay_misc_feat_diagonals
Zig:9:    ziggurat_pillar_centre_oklobs
Zig:14:   ziggurat_pillar_centre_dead_trees
Ossuary:  ossuary_minmay_four_chambers
IceCv:    ice_cave_caverns_02

Skill      XL: |  1  2  3  4  5  6  7  8  9 10 11 12 13 14 15 16 17 18 19 20 21 22 23 24 25 26 27 |
---------------+----------------------------------------------------------------------------------+-----
Spellcasting   | 2 3 5 6 8 11 12 | 12.0
Conjurations   | 5 6 7 8 9 |  9.7
Fighting       | 1 2 3 4 5 6 7 8 10 11 12 13 14 15 16 17 20 22 | 22.0
Axes           | 1 4 5 7 9 11 12 13 15 16 18 19 | 19.7
Armour         | 2 4 5 7 8 9 11 | 11.3
Invocations    | 2 5 6 9 10 11 13 14 15 17 18 | 18.0
Maces & Flails | 5 |  5.1
Evocations     | 2 3 |  3.0
Dodging        | 2 4 6 7 8 10 11 | 11.0
Shields        | 4 |  4.0
Earth Magic    | 5 9 11 12 15 16 | 16.0
Transmutations | 4 7 9 10 | 10.0
Fire Magic     | 9 16 19 20 | 20.1
Necromancy     | 8 |  8.0
Translocations | 1 6 |  6.0
Stealth        | |  1.5

Action                   |  1- 3 |  4- 6 |  7- 9 | 10-12 | 13-15 | 16-18 | 19-21 | 22-24 | 25-27 || total
-------------------------+-------+-------+-------+-------+-------+-------+-------+-------+-------++-------
Melee: Mace              |    48 |    30 |       |       |       |       |       |       |       ||    78
       Hand axe          |       |    64 |   142 |       |       |       |       |       |       ||   206
       Flail             |       |       |   263 |   181 |       |       |       |       |       ||   444
       War axe           |       |       |    82 |   111 |   604 |       |   903 |   105 |       ||  1805
       Morningstar       |       |       |       |   200 |    83 |   112 |    26 |       |       ||   421
       Whip              |       |       |       |       |   237 |  1391 |   737 |       |       ||  2365
       Broad axe         |       |       |       |       |       |       |       |  1104 |   629 ||  1733
Throw: Throwing net      |       |     1 |       |       |       |       |     1 |       |       ||     2
 Cast: Magic Dart        |    68 |    54 |    56 |       |       |       |       |       |       ||   178
       Dazzling Spray    |     2 |     1 |     4 |     9 |       |       |       |       |       ||    16
       Iskenderun's Myst |       |       |     8 |     1 |     4 |       |       |       |       ||    13
       Mephitic Cloud    |       |       |     1 |       |       |       |       |       |       ||     1
       Statue Form       |       |       |       |       |       |       |    26 |    50 |    35 ||   111
       Passage of Golubr |       |       |       |       |       |       |     3 |       |       ||     3
       Ignition          |       |       |       |       |       |       |       |       |    23 ||    23
       Shatter           |       |       |       |       |       |       |       |       |     1 ||     1
Invok: Convert to Beogh  |       |       |     1 |       |       |       |       |       |       ||     1
       Smiting           |       |       |     2 |    10 |    25 |    45 |    21 |    20 |    23 ||   146
       Recall Orcish Fol |       |       |       |     2 |     7 |     6 |     4 |     3 |       ||    22
       Give Item to Name |       |       |       |       |     2 |       |       |       |       ||     2
       Stop Recall       |       |       |       |       |     2 |     3 |     2 |     1 |       ||     8
       Resurrection      |       |       |       |       |       |       |     2 |       |       ||     2
 Abil: End Transformatio |       |       |       |       |       |       |    19 |    16 |    23 ||    58
       Stop Flying       |       |       |       |       |       |       |       |       |     1 ||     1
Evoke: Wand              |       |       |    14 |     6 |     2 |     6 |     2 |     1 |       ||    31
       Lightning rod     |       |       |       |       |       |       |       |     4 |       ||     4
       Lamp of fire      |       |       |       |       |       |       |       |     1 |       ||     1
       Staff of energy   |       |       |       |       |       |       |       |       |    19 ||    19
  Use: Potion            |     1 |       |     6 |       |       |     1 |     6 |     7 |     8 ||    29
       Scroll            |       |     8 |     3 |    12 |    13 |     8 |    28 |    17 |    15 ||   104
 Stab: Sleeping          |     1 |       |     2 |       |       |       |     1 |       |       ||     4
       Invisible         |       |       |     2 |     1 |       |       |       |       |       ||     3
       Paralysed         |       |       |     5 |     3 |     2 |       |     8 |       |       ||    18
       Confused          |       |       |     1 |       |       |     1 |       |     1 |       ||     3
       Distracted        |       |       |       |     1 |     7 |     5 |    11 |     7 |     6 ||    37
       Held in net/web   |       |       |       |       |       |     1 |       |       |       ||     1
  Eat: Chunk             |     5 |     5 |    12 |    12 |    19 |    20 |    10 |    33 |    16 ||   132
       Ration            |       |       |     3 |     3 |     1 |     2 |    10 |     2 |     4 ||    25
Armor: Robe              |    18 |     9 |       |       |       |       |       |       |       ||    27
       Ring mail         |       |    17 |   212 |   283 |   299 |   498 |   372 |    66 |     9 ||  1756
       Skin              |       |       |       |       |       |       |   238 |   696 |   420 ||  1354
Dodge: Dodged            |    59 |    73 |   243 |   264 |   425 |   737 |  1005 |  1209 |   513 ||  4528
       Deflected         |       |       |       |       |     8 |    13 |    36 |    46 |    25 ||   128
Block: Buckler           |       |       |       |       |    16 |   395 |   571 |   611 |   278 ||  1871

Table legend:
 A = Spawn XP
 B = Non-spawn XP
 C = Spawn XP percentage of total XP
 D = Spawn monster count
 E = Non-spawn monster count
 F = Spawn count percentage of total count
 G = Total turns spent on level
                    A         B        C        D         E        F      G
               +---------+---------+-------+---------+---------+-------+---------
         Total |       0 | 1273083 |   0.0 |       0 |    2379 |   0.0 | 43574
               +---------+---------+-------+---------+---------+-------+---------
           D:1 |       0 |     431 |   0.0 |       0 |      34 |   0.0 |  1610
           D:2 |       0 |     119 |   0.0 |       0 |      37 |   0.0 |  1221
           D:3 |       0 |     285 |   0.0 |       0 |      26 |   0.0 |  1252
           D:4 |       0 |     328 |   0.0 |       0 |      22 |   0.0 |   834
           D:5 |       0 |    1112 |   0.0 |       0 |      27 |   0.0 |   908
           D:6 |       0 |    1020 |   0.0 |       0 |      24 |   0.0 |   899
           D:7 |       0 |     454 |   0.0 |       0 |      11 |   0.0 |   874
           D:8 |       0 |    2420 |   0.0 |       0 |      18 |   0.0 |   769
           D:9 |       0 |    1289 |   0.0 |       0 |      19 |   0.0 |   720
          D:10 |       0 |    2300 |   0.0 |       0 |      12 |   0.0 |   763
          D:11 |       0 |    8468 |   0.0 |       0 |      71 |   0.0 |  1056
          D:12 |       0 |    6945 |   0.0 |       0 |      49 |   0.0 |   717
          D:13 |       0 |    6955 |   0.0 |       0 |      34 |   0.0 |  1007
          D:14 |       0 |    6087 |   0.0 |       0 |      39 |   0.0 |   865
          D:15 |       0 |   13244 |   0.0 |       0 |      52 |   0.0 |   899
        Lair:1 |       0 |    6589 |   0.0 |       0 |      20 |   0.0 |   503
        Lair:2 |       0 |    6672 |   0.0 |       0 |      26 |   0.0 |   718
        Lair:3 |       0 |    5694 |   0.0 |       0 |      22 |   0.0 |   597
        Lair:4 |       0 |    6246 |   0.0 |       0 |      29 |   0.0 |   456
        Lair:5 |       0 |    9788 |   0.0 |       0 |      43 |   0.0 |   796
        Lair:6 |       0 |   10895 |   0.0 |       0 |      43 |   0.0 |   740
       Swamp:1 |       0 |   13682 |   0.0 |       0 |      34 |   0.0 |   645
       Swamp:2 |       0 |   15294 |   0.0 |       0 |      27 |   0.0 |   654
       Swamp:3 |       0 |    8092 |   0.0 |       0 |      21 |   0.0 |   725
       Swamp:4 |       0 |   39832 |   0.0 |       0 |      69 |   0.0 |  1275
      Spider:1 |       0 |   17013 |   0.0 |       0 |      52 |   0.0 |   773
      Spider:2 |       0 |    9000 |   0.0 |       0 |      25 |   0.0 |   397
      Spider:3 |       0 |    6787 |   0.0 |       0 |      20 |   0.0 |   665
      Spider:4 |       0 |   37878 |   0.0 |       0 |      89 |   0.0 |  1189
       Slime:1 |       0 |    5305 |   0.0 |       0 |      16 |   0.0 |   194
       Slime:2 |       0 |   10519 |   0.0 |       0 |      29 |   0.0 |   189
       Slime:3 |       0 |    7826 |   0.0 |       0 |      23 |   0.0 |   151
       Slime:4 |       0 |   30032 |   0.0 |       0 |      65 |   0.0 |  1039
       Slime:5 |       0 |   37913 |   0.0 |       0 |      38 |   0.0 |   764
         Orc:1 |       0 |    2072 |   0.0 |       0 |      18 |   0.0 |   325
         Orc:2 |       0 |   10490 |   0.0 |       0 |      55 |   0.0 |   504
         Elf:1 |       0 |   37410 |   0.0 |       0 |      65 |   0.0 |  1469
         Elf:2 |       0 |   33709 |   0.0 |       0 |      57 |   0.0 |  1142
         Elf:3 |       0 |   55170 |   0.0 |       0 |      79 |   0.0 |  1966
      Vaults:1 |       0 |   69232 |   0.0 |       0 |      98 |   0.0 |   918
      Vaults:2 |       0 |   40185 |   0.0 |       0 |      63 |   0.0 |   730
      Vaults:3 |       0 |   49983 |   0.0 |       0 |      78 |   0.0 |   932
      Vaults:4 |       0 |   52587 |   0.0 |       0 |      73 |   0.0 |   844
      Vaults:5 |       0 |  182266 |   0.0 |       0 |     151 |   0.0 |  1458
      Depths:1 |       0 |   69615 |   0.0 |       0 |      89 |   0.0 |  1132
      Depths:2 |       0 |   33497 |   0.0 |       0 |      47 |   0.0 |   715
      Depths:3 |       0 |   24742 |   0.0 |       0 |      45 |   0.0 |  1154
      Depths:4 |       0 |   42779 |   0.0 |       0 |      30 |   0.0 |   867
      Depths:5 |       0 |   60336 |   0.0 |       0 |      49 |   0.0 |   956
         Zig:1 |       0 |     334 |   0.0 |       0 |       1 |   0.0 |    16
         Zig:2 |       0 |    1841 |   0.0 |       0 |       3 |   0.0 |    39
         Zig:3 |       0 |    5853 |   0.0 |       0 |      11 |   0.0 |    43
         Zig:4 |       0 |    3879 |   0.0 |       0 |       5 |   0.0 |    30
         Zig:5 |       0 |    8570 |   0.0 |       0 |       6 |   0.0 |   115
         Zig:6 |       0 |   10056 |   0.0 |       0 |       9 |   0.0 |    98
         Zig:7 |       0 |    6323 |   0.0 |       0 |      14 |   0.0 |    38
         Zig:8 |       0 |    5255 |   0.0 |       0 |      19 |   0.0 |   100
         Zig:9 |       0 |   11312 |   0.0 |       0 |      16 |   0.0 |    92
        Zig:10 |       0 |   18723 |   0.0 |       0 |      13 |   0.0 |    56
        Zig:11 |       0 |   25637 |   0.0 |       0 |      18 |   0.0 |   133
        Zig:12 |       0 |   14458 |   0.0 |       0 |      22 |   0.0 |    83
        Zig:13 |       0 |   34535 |   0.0 |       0 |      20 |   0.0 |   107
        Zig:14 |       0 |   21481 |   0.0 |       0 |      36 |   0.0 |    88
        Zig:15 |       0 |    3399 |   0.0 |       0 |       8 |   0.0 |    25
       Ossuary |       0 |     840 |   0.0 |       0 |      15 |   0.0 |   477
               +---------+---------+-------+---------+---------+-------+---------
